 Dungeon Crawl Stone Soup version 0.26-a0-752-gcff87cac9a (webtiles) character file.

Game seed: 15933546293618001792

15209 Queen the Geomancer (level 12, -4/75 HPs)
             Began as a Gargoyle Earth Elementalist on Nov 6, 2020.
             Was a High Priest of Okawaru.
             Slain by an elephant (14 damage)
             ... on level 10 of the Dungeon.
             The game lasted 01:04:04 (16524 turns).

Queen the Geomancer (Gargoyle Earth Elementalist)  Turns: 16524, Time: 01:04:05

Health: -4/75      AC: 21    Str: 19    XL:     12   Next: 24%
Magic:  34/35      EV: 12    Int: 17    God:    Okawaru [*****.]
Gold:   250        SH:  0    Dex: 10    Spells: 20/31 levels left

rFire    x . .     SeeInvis .   a - +4 morningstar (flame)
rCold    . . .     Faith    .   (no shield)
rNeg     + . .     Spirit   .   v - +1 robe of Dikkaf {rF- MR+ Str+3}
rPois    ∞         Reflect  .   z - +2 helmet
rElec    +         Harm     .   (no cloak)
rCorr    .         Rampage  .   d - +2 pair of gloves
MR       +....                  B - +2 pair of boots
Stlth    ++........             s - amulet of magic regeneration
HPRegen  0.22/turn              A - ring of magical power
MPRegen  0.49/turn              (no ring)

@: no status effects
A: negative energy resistance 1, electricity resistance, unbreathing,
petrification resistance, rot immunity, AC +8
a: Heroism, Finesse, Renounce Religion


You were on level 10 of the Dungeon.
You worshipped Okawaru.
Okawaru was extremely pleased with you.
You visited 3 branches of the dungeon, and saw 14 of its levels.

You collected 742 gold pieces.
You spent 492 gold pieces at shops.

Inventory:

Hand Weapons
 a - a +4 morningstar of flaming (weapon)
Missiles
 m - 5 throwing nets
 x - 41 stones (quivered)
Armour
 d - a +2 pair of gloves (worn)
 v - the +1 robe of Dikkaf (worn) {rF- MR+ Str+3}
   (You found it on level 4 of the Dungeon)

   It affects your strength (+3).
   It makes you vulnerable to fire.
   It affects your resistance to hostile enchantments.
 z - a +2 helmet (worn)
 B - a +2 pair of boots (worn)
 I - a +0 kite shield
Jewellery
 s - an amulet of magic regeneration (around neck)
 A - a ring of magical power (left hand)
Wands
 e - a wand of digging (6)
 g - a wand of polymorph (15)
 i - a wand of paralysis (15)
 w - a wand of flame (12)
 L - a wand of acid (8)
Scrolls
 c - 4 scrolls of magic mapping
 f - 3 scrolls of immolation
 k - a scroll of blinking
 o - 2 scrolls of fog
 r - 4 scrolls of fear
 u - 6 scrolls of teleportation
 y - a scroll of remove curse
 F - a scroll of noise {unknown}
 K - a scroll of holy word
 M - 3 scrolls of identify {@r1}
 N - 2 scrolls of amnesia {unknown}
Potions
 b - a potion of berserk rage
 h - 5 potions of heal wounds
 j - 5 potions of curing
 l - a potion of brilliance {unknown}
 n - 3 potions of ambrosia
 p - 2 potions of cancellation {unknown}
 q - 4 potions of flight {unknown}
 t - 2 potions of attraction {unknown}
 C - a potion of might {unknown}
 D - 2 potions of lignification {unknown}
 E - 4 potions of haste
 G - 2 potions of magic {unknown}
 H - a potion of mutation
 J - a potion of degeneration {unknown}


   Skills:
 + Level 8.4 Fighting
 + Level 8.4 Maces & Flails
 + Level 3.4 Armour
 - Level 2.0 Dodging
 - Level 3.0 Stealth
 + Level 3.3 Shields
 - Level 10.0 Spellcasting
 - Level 0.7 Transmutations
 * Level 13.0 Earth Magic


You had 20 spell levels left.
You knew the following spells:

 Your Spells              Type           Power        Failure   Level
a - Sandblast             Erth           ######       1%          1
b - Stone Arrow           Conj/Erth      ####..       1%          3
c - Lee's Rapid Deconstr  Erth           ######....   1%          5
d - Passwall              Tmut/Erth      ####....     1%          2

Your spell library contained the following spells:

 Spells                   Type           Power        Failure   Level
 Petrify                  Tmut/Erth      ####....     4%          4
 Beastly Appendage        Tmut           ##....       6%          1
 Animate Skeleton         Necr           #.....       9%          1
 Pain                     Necr           #...         9%          1
 Summon Small Mammal      Summ           #...         9%          1
 Wereblood                Tmut           ##......     10%         2
 Call Imp                 Summ           #.......     13%         2
 Spider Form              Tmut/Pois      #.........   22%         3
 Call Canine Familiar     Summ           #.......     26%         3
 Summon Guardian Golem    Hex/Summ       #.......     26%         3
 Vampiric Draining        Necr           #.........   26%         3
 Ice Form                 Ice/Tmut       #.......     58%         4
 Animate Dead             Necr           #.........   63%         4
 Summon Ice Beast         Ice/Summ       #.......     63%         4
 Summon Lightning Spire   Summ/Air       #.......     63%         4
 Blade Hands              Tmut           ##........   87%         5
 Agony                    Necr           #.......     93%         5


Dungeon Overview and Level Annotations

Branches:
Dungeon (12/15)            Temple (1/1) D:4            Lair (1/6) D:10
    Orc (0/2) D:9

Altars:
Ashenzari
Cheibriados
Dithmenos
Elyvilon
Fedhas
Gozag
Hepliaklqana
Kikubaaqudgha
Makhleb
Nemelex Xobeh
Okawaru
Qazlal
Ru
Sif Muna
Trog
Uskayaw
Vehumet
Wu Jian
Xom
Yredelemnul
Zin
The Shining One

Shops:
D:9 !

Annotations:
D:7 fly here


Innate Abilities, Weirdness & Mutations

You are resistant to torment.
Your stone body is resilient. (AC +8)
You are immune to poison.
You resist negative energy. (rN+)
You are resistant to electric shocks. (rElec)
You can survive without breathing.
You are immune to petrification.
You are immune to rotting.


Message History

15 arrows; a +0 shortbow
Casting: Sandblast (safe; 1% risk of failure)
Confirm with . or Enter, or press ? or * to list all spells.
Aiming: Stone Arrow (safe; 1% risk of failure)
Press: ? - help, Shift-Dir - straight line, f/p - elephant
Aim: an elephant (heavily wounded)
The stone arrow hits the elephant!
The elephant is heavily wounded.
The elephant tramples you.
* * * LOW HITPOINT WARNING * * *
You stumble backwards!
Casting: Stone Arrow (safe; 1% risk of failure)
Confirm with . or Enter, or press ? or * to list all spells.
Press: ? - help, Dir - move target cursor, p - elephant A rock wall.
The wall shatters!
The blast of rock fragments hits the elephant!
The elephant is severely wounded.
The elephant tramples you!
You die...

### #### ##.# ##...
#..# #.... #..####
##... #...#.#### ##.#
##........# ##..#
#....>....## #..##
#..........# ##.##
#......@...## ##.##
#......Y....# ##..#
#..........## #..##
#.........## ##.##
#.........######..#
#................##
#.......########..#
#......### ###(..#
#........####.(...###


You could see an elephant.

Vanquished Creatures
  A hydra (D:9)
  Erica (D:11)
  3 two-headed ogres
  Sonja (D:11)
  An unseen horror (D:11)
  A wolf spider zombie (D:10)
  An ugly thing (D:11)
  2 cyclopes (D:11)
  2 elephants (Lair:1)
  Joseph (D:7)
  A cane toad (Lair:1)
  2 hornets
  A troll (D:11)
  A wyvern (D:9)
  6 wargs
  2 water moccasins
  7 orc warriors
  2 ice beasts
  A sky beast (D:8)
  A black bear (D:9)
  An eye of draining (D:10)
  4 phantoms
  7 centaurs
  6 ogres
  5 bullfrogs
  A gnoll sergeant (D:10)
  2 scorpions
  12 killer bees
  9 wights
  5 howler monkeys
  A centaur zombie (D:6)
  A quasit (D:6)
  A bullfrog zombie (D:9)
  2 jellies
  2 bullfrog skeletons
  7 hounds
  A gnoll shaman (D:7)
  9 orc priests
  An iron imp (D:4)
  2 iguanas
  Natasha (thrice) (D:3)
  Terence (D:3)
  2 centaur skeletons (D:11)
  14 orc wizards
  8 worker ants
  2 hound zombies
  A hound skeleton (D:8)
  A howler monkey zombie (D:9)
  2 worker ant zombies
  17 gnolls
  14 adders
  4 shadow imps
  2 white imps
  2 worms
  A dart slug (D:1)
  9 leopard geckos
  39 orcs
  5 giant cockroaches
  7 hobgoblins
  6 jackals (D:1)
  7 quokkas
  4 ball pythons
  A ball python zombie (D:5)
  7 bats
  10 frilled lizards
  6 goblins
  6 kobolds
  2 leopard gecko zombies (D:6)
  A quokka skeleton (D:7)
  7 rats
308 creatures vanquished.

Vanquished Creatures (others)
  5 plants (Lair:1)
5 creatures vanquished.

Grand Total: 313 creatures vanquished

Notes
Turn   | Place    | Note
-------+----------+-------------------------------------------
     0 | D:1      | Queen the Gargoyle Earth Elementalist began the quest for
                  | the Orb.
     0 | D:1      | Reached XP level 1. HP: 10/10 MP: 3/3
   146 | D:1      | Reached XP level 2. HP: 10/16 MP: 0/5
   426 | D:1      | Reached skill level 1 in Fighting
   459 | D:1      | Reached skill level 4 in Earth Magic
   470 | D:1      | Reached XP level 3. HP: 20/20 MP: 2/6
  1636 | D:2      | Reached XP level 4. HP: 14/25 MP: 7/7
  2127 | D:3      | Reached XP level 5. HP: 30/30 MP: 9/9
  2406 | D:3      | Noticed Terence
  2407 | D:3      | Found a stormy altar of Qazlal.
  2426 | D:3      | Killed Terence
  2426 | D:3      | Reached skill level 1 in Maces & Flails
  2488 | D:3      | Noticed Natasha
  2532 | D:3      | Killed Natasha
  2588 | D:3      | Noticed Natasha
  2629 | D:3      | Killed Natasha
  2629 | D:3      | Reached skill level 5 in Earth Magic
  2629 | D:3      | Reached XP level 6. HP: 28/36 MP: 0/10
  2663 | D:3      | Noticed Natasha
  2673 | D:3      | Killed Natasha
  3389 | D:4      | Found a snail-covered altar of Cheibriados.
  3650 | D:4      | Got a fine robe
  3661 | D:4      | Identified the +1 robe of Dikkaf {rF- MR+ Str+3} (You found
                  | it on level 4 of the Dungeon)
  3734 | D:4      | Noticed a phantom
  3748 | D:4      | Reached XP level 7. HP: 12/41 MP: 2/12
  4273 | D:4      | Reached skill level 6 in Earth Magic
  4356 | D:4      | Found a staircase to the Ecumenical Temple.
  4556 | D:5      | Entered Level 5 of the Dungeon
  4590 | Temple   | Entered the Ecumenical Temple
  4757 | Temple   | Became a worshipper of Warmaster Okawaru
  5681 | D:5      | Reached XP level 8. HP: 27/48 MP: 12/14
  5915 | D:5      | Found a glowing silver altar of Zin.
  6108 | D:5      | Reached * piety under Okawaru
  6108 | D:5      | Reached skill level 5 in Fighting
  6124 | D:5      | Reached skill level 5 in Spellcasting
  6124 | D:5      | Reached skill level 7 in Earth Magic
  7232 | D:6      | Found an ancient bone altar of Kikubaaqudgha.
  7241 | D:6      | Reached skill level 5 in Maces & Flails
  7261 | D:6      | Reached ** piety under Okawaru
  7261 | D:6      | Reached XP level 9. HP: 20/54 MP: 3/17
  7456 | D:6      | Found an opulent altar of Gozag.
  7505 | D:6      | Reached skill level 8 in Earth Magic
  8760 | D:7      | Found a hide-covered altar of Uskayaw.
  8763 | D:7      | Noticed a hornet
  8776 | D:7      | Killed a hornet
  9064 | D:7      | Reached skill level 9 in Earth Magic
  9149 | D:7      | Noticed Joseph
  9153 | D:7      | Killed Joseph
  9153 | D:7      | Reached *** piety under Okawaru
  9413 | D:7      | Reached XP level 10. HP: 27/60 MP: 17/20
  9729 | D:7      | Learned a level 3 spell: Stone Arrow
  9744 | D:7      | Learned a level 5 spell: Lee's Rapid Deconstruction
  9877 | D:7      | Reached skill level 10 in Earth Magic
 11161 | D:8      | Learned a level 2 spell: Passwall
 11312 | D:8      | Reached **** piety under Okawaru
 12337 | D:9      | Found a staircase to the Orcish Mines.
 12746 | D:9      | Found Xiokleck's Distillery.
 12749 | D:9      | Bought a potion of heal wounds for 60 gold pieces
 12749 | D:9      | Bought a potion of haste for 120 gold pieces
 12749 | D:9      | Bought a potion of heal wounds for 60 gold pieces
 12749 | D:9      | Bought a potion of heal wounds for 60 gold pieces
 12749 | D:9      | Bought a potion of ambrosia for 96 gold pieces
 12749 | D:9      | Bought a potion of mutation for 96 gold pieces
 12782 | D:9      | Noticed an eight-headed hydra
 12792 | D:9      | Reached skill level 11 in Earth Magic
 12792 | D:9      | Killed an eight-headed hydra
 12792 | D:9      | Reached ***** piety under Okawaru
 12794 | D:9      | Reached XP level 11. HP: 37/67 MP: 3/23
 13127 | D:10     | Entered Level 10 of the Dungeon
 13268 | D:10     | Noticed a two-headed ogre
 13276 | D:10     | Killed a two-headed ogre
 13332 | D:10     | Found a staircase to the Lair.
 13635 | D:10     | Noticed a two-headed ogre
 13644 | D:10     | Killed a two-headed ogre
 13644 | D:10     | Received a gift from Okawaru
 13644 | D:10     | Reached skill level 12 in Earth Magic
 14645 | D:11     | Noticed a purple ugly thing
 14653 | D:11     | Killed a purple ugly thing
 14653 | D:11     | Reached skill level 1 in Armour
 14653 | D:11     | Reached skill level 1 in Shields
 14816 | D:11     | Noticed a two-headed ogre
 14819 | D:11     | Killed a two-headed ogre
 15106 | D:11     | Noticed a cyclops
 15116 | D:11     | Killed a cyclops
 15258 | D:11     | Noticed a cyclops
 15268 | D:11     | Killed a cyclops
 15609 | D:11     | Killed an unseen horror
 15712 | D:11     | Noticed Erica
 15726 | D:11     | Noticed Sonja
 15739 | D:11     | Killed Erica
 15739 | D:11     | Reached XP level 12. HP: 62/74 MP: 25/25
 15749 | D:11     | Killed Sonja
 16089 | Lair:1   | Entered Level 1 of the Lair of Beasts
 16122 | Lair:1   | Reached skill level 10 in Spellcasting
 16500 | Lair:1   | Reached skill level 13 in Earth Magic
 16524 | D:10     | Slain by an elephant

Illustrated notes

Levels and vault maps discovered:
D:1:      wander_arrival_peaceful_grave, layout_loops_ring, st_stairs_10
D:2:      layout_rooms
D:3:      layout_basic, nicolae_qazlal_general_emergency, uniq_natasha,
          uniq_terence
D:4:      layout_cave_pools, minmay_temple_entry_enclosed_plants,
          chei_slow_surprise
D:5:      kennysheep_six_static_rooms, layout_loops_cross, basic_altar,
          minmay_misc_feat_tower, st_stairs_6, grunt_decor_resistance
D:6:      layout_layer_cave, nicolae_gozag_cash_rules_everything_around_me,
          serial_rivers, chequers_serial_rivers_marsh,
          chequers_serial_rivers_small_a, chequers_serial_rivers_small_b,
          chequers_serial_rivers_small_a, chequers_serial_rivers_micro_d,
          minmay_ruined_shrine
D:7:      layout_loops_ring, nicolae_overflow_crystal_walls,
          chequers_serial_rivers_small_3, uniq_joseph
D:8:      layout_basic
D:9:      layout_rooms, minmay_orc_entry_guard_dogs, serial_shops,
          nicolae_shop_behind_doors
D:10:     layout_cave_pods, erik_lair_orcish_takeover
D:11:     layout_loops_corners, uniq_erica, uniq_sonja
D:12:     layout_loops_ring, serial_shops, shop, minmay_misc_feat_pillars,
          grunt_potential
Temple:   regret_index_temple_chain_breaker
Lair:1:   cheibrodos_lair_river_kwai, layout_hall_layers, serial_bayou_pond_a,
          disabler_island, lemuel_fruit_fields

Skill      XL: |  1  2  3  4  5  6  7  8  9 10 11 12 |
---------------+-------------------------------------+-----
Fighting       | 1 2 3 4 5 7 8 |  8.4
Earth Magic    | 4 5 6 7 9 11 12 13 | 13.0
Dodging        | 2 |  2.0
Stealth        | 3 |  3.0
Spellcasting   | 3 4 5 7 8 9 10 | 10.0
Maces & Flails | 1 2 3 5 6 7 8 |  8.4
Armour         | 2 3 |  3.4
Shields        | 2 3 |  3.3
Transmutations | |  0.7

Action                   |  1- 3 |  4- 6 |  7- 9 | 10-12 || total
-------------------------+-------+-------+-------+-------++-------
Melee: Unarmed           |    64 |       |       |       ||    64
       Club              |    96 |     5 |       |       ||   101
       Mace              |       |    20 |       |       ||    20
       Whip              |       |   174 |   274 |       ||   448
       Morningstar       |       |       |     9 |   285 ||   294
 Cast: Sandblast         |    33 |    69 |   189 |    96 ||   387
       Stone Arrow       |       |       |       |    74 ||    74
       Lee's Rapid Decon |       |       |       |    11 ||    11
       Passwall          |       |       |       |     3 ||     3
  Use: Scroll            |       |       |       |    21 ||    21
       Potion            |       |       |       |     1 ||     1
 Stab: Sleeping          |     1 |     5 |     1 |     6 ||    13
Armor: Robe              |    85 |    85 |   171 |   232 ||   573
Dodge: Dodged            |   158 |   129 |   212 |   258 ||   757

Table legend: (Time is in decaauts)
 A = Elapsed time spent in this place.
 B = Non-inter-level travel time spent in this place.
 C = Inter-level travel time spent in this place.
 D = Time resting spent in this place.
 E = Time spent auto-exploring this place.
 F = Levels seen in this place.
 G = Mean time per level.
                   A        B        C        D        E       F      G
               +--------+--------+--------+--------+--------+-----+--------+
         Total |  16603 |  16012 |    591 |   2475 |  10368 |  14 | 1185.9 |
       Dungeon |  15995 |  15440 |    555 |   2291 |  10092 |  12 | 1332.9 |
        Temple |    187 |    153 |     34 |      0 |    152 |   1 |  187.0 |
          Lair |    420 |    420 |      0 |    184 |    124 |   1 |  420.0 |
               +--------+--------+--------+--------+--------+-----+--------+

Top non-repeatable levels by time:
     D:6: 2225 daAuts
     D:7: 1972 daAuts
     D:4: 1895 daAuts
     D:8: 1482 daAuts
     D:5: 1434 daAuts
    D:11: 1428 daAuts
    D:10: 1394 daAuts
     D:3: 1160 daAuts
     D:1: 1121 daAuts
     D:2: 969 daAuts
     D:9: 908 daAuts
  Lair:1: 420 daAuts
  Temple: 187 daAuts
    D:12: 1 daAuts
